 Dungeon Crawl Stone Soup version 0.22-a0-467-g5c5de1c (webtiles) character file.

88 4thArraOfDagon the Chopper (level 4, -4/41 HPs)
             Began as a Hill Orc Fighter on June 10, 2018.
             Slain by a gnoll shaman
             ... wielding a +0 whip
              (7 damage)
             ... on level 5 of the Dungeon.
             The game lasted 00:01:48 (388 turns).

4thArraOfDagon the Chopper (Hill Orc Fighter)        Turns: 388, Time: 00:01:49

Health: -4/41      AC:  7    Str: 18    XL:     4   Next: 54%
Magic:  4/4        EV:  5    Int:  9    God:
Gold:   38         SH: 15    Dex: 10    Spells: 3/3 levels left

rFire    . . .     SeeInvis .   a - +0 war axe
rCold    . . .     Gourm    .   g - +2 large shield
rNeg     . . .     Faith    .   b - +0 scale mail
rPois    .         Spirit   .   (no helmet)
rElec    .         Reflect  .   (no cloak)
rCorr    .         Harm     .   (no gloves)
MR       .....                  (no boots)
Stlth    ..........             (no amulet)
HPRegen  0.13/turn              (no ring)
MPRegen  0.09/turn              (no ring)

@: glowing
A: no striking features
a: no special abilities


You were on level 5 of the Dungeon.
You were not hungry.

You visited 1 branch of the dungeon, and saw 5 of its levels.

You collected 38 gold pieces.

Inventory:

Hand Weapons
 a - a +0 war axe (weapon)
Armour
 b - a +0 scale mail (worn)
 c - a +0 shield
 g - a +2 large shield (worn)
Scrolls
 e - a scroll of identify {unknown}
Comestibles
 f - 2 rations


   Skills:
 + Level 4.4 Fighting
 * Level 4.7 Axes
 + Level 4.0 Armour
 - Level 3.2 Shields


You had 3 spell levels left.
You didn't know any spells.
Your spell library was empty.

Dungeon Overview and Level Annotations

Branches:
Dungeon (5/15)
 Temple: D:4-7

Altars:


Message History

* * * LOW HITPOINT WARNING * * *
Unknown command.
You hit the gnoll shaman.
The gnoll shaman is almost dead.
You block the gnoll shaman's attack.
Unknown command.
You hit the gnoll shaman but do no damage.
The gnoll shaman is almost dead.
You block the gnoll shaman's attack.
Unknown command.
Your shield prevents you from hitting the gnoll shaman.
The gnoll shaman is almost dead.
The gnoll shaman hits you with a whip.
* * * LOW HITPOINT WARNING * * *
You block the gnoll shaman's attack.
Unknown command.
Your shield prevents you from hitting the gnoll shaman.
The gnoll shaman is almost dead.
The gnoll shaman hits you with a whip!
You die...

#........#.#
#........#.#
#........#.#
#........#.#
#.......#..#
##......#..# ###
#......#..## #..#
###...##)..##...#
###..@g.......## #.
##...##.......#
#..##...##........#
#....####........#
##..####.....g.[.#
##..# #.....g....#
##...####.........#
..# ##.....#
##..5.....#
...##......##
##.......#


You could see a gnoll shaman.

Vanquished Creatures
  A worker ant (D:4)
  An adder (D:3)
  3 gnolls (D:5)
  A shadow imp (D:5)
  An ooze (D:3)
  A dart slug (D:1)
  A leopard gecko (D:1)
  An orc (D:4)
  A giant cockroach (D:1)
  A hobgoblin (D:3)
  A quokka (D:2)
  A bat (D:3)
  3 kobolds
17 creatures vanquished.

Notes
Turn   | Place    | Note
-------+----------+-------------------------------------------
     0 | D:1      | 4thArraOfDagon the Hill Orc Fighter began the quest for the Orb.
     0 | D:1      | Reached XP level 1. HP: 19/19 MP: 1/1
    81 | D:1      | Reached XP level 2. HP: 27/27 MP: 2/2
   151 | D:2      | You fall through a shaft!
   227 | D:3      | Reached XP level 3. HP: 30/33 MP: 3/3
   271 | D:5      | Entered Level 5 of the Dungeon
   343 | D:5      | Reached XP level 4. HP: 12/40 MP: 4/4
   388 | D:5      | Slain by a gnoll shaman

Vault maps used:
D:1:      minmay_arrival_arboretum_small, hangedman_decor_opposing,
          minmay_pentomino_t2
D:2:      chequers_ecumenical_altar_simple
D:3:      nrook_loot_triangle, kennysheep_generic_room_14, uniq_natasha
D:5:      first_ration, minmay_misc_feat_tiny

Skill      XL: |  1  2  3  4 |
---------------+-------------+-----
Axes           | 3 4 |  4.7
Fighting       | 4 |  4.4
Armour         | 4 |  4.0
Shields        | |  3.2

Action                   |  1- 3 |  4- 6 || total
-------------------------+-------+-------++-------
Melee: War axe           |    52 |    11 ||    63
  Use: Potion            |     3 |       ||     3
Armor: Scale mail        |    34 |       ||    34
Dodge: Dodged            |    16 |     1 ||    17
Block: Shield            |     7 |       ||     7
       Large shield      |    55 |     7 ||    62

Table legend:
 A = Spawn XP
 B = Non-spawn XP
 C = Spawn XP percentage of total XP
 D = Spawn monster count
 E = Non-spawn monster count
 F = Spawn count percentage of total count
 G = Total turns spent on level
                    A         B        C        D         E        F      G
               +---------+---------+-------+---------+---------+-------+---------
         Total |       0 |     127 |   0.0 |       0 |      17 |   0.0 |   388
               +---------+---------+-------+---------+---------+-------+---------
           D:1 |       0 |      10 |   0.0 |       0 |       4 |   0.0 |    88
           D:2 |       0 |       3 |   0.0 |       0 |       2 |   0.0 |    63
           D:3 |       0 |      25 |   0.0 |       0 |       5 |   0.0 |    99
           D:4 |       0 |      35 |   0.0 |       0 |       2 |   0.0 |    21
           D:5 |       0 |      54 |   0.0 |       0 |       4 |   0.0 |   117
               +---------+---------+-------+---------+---------+-------+---------
